 Dungeon Crawl Stone Soup version 0.30.1-11-g7821555f0a (webtiles) character file.

Game seed: 6716997635196385106

199 KittyFluff the Cudgeller (level 5, -1/49 HPs)
             Began as a Gargoyle Berserker on Nov 1, 2023.
             Was a Priest of Trog.
             Slain by a gnoll
             ... wielding a +0 spear
              (3 damage)
             ... on level 4 of the Dungeon.
             The game lasted 00:11:52 (3069 turns).

KittyFluff the Cudgeller (Gargoyle Berserker)       Turns: 3069, Time: 00:11:52

Health: -1/49      AC: 12    Str: 22    XL:     5   Next: 77%
Magic:  5/5        EV: 11    Int:  8    God:    Trog [***...]
Gold:   127        SH:  3    Dex:  9    Spells: 4/4 levels left

rFire   . . .        a - +0 mace
rCold   . . .        p - +0 buckler
rNeg    + . .        b - +0 animal skin
rPois   ∞            s - +1 helmet
rElec   +            i - +0 cloak
rCorr   .            (no gloves)
SInv    .            o - +2 pair of boots
Will    .....        (no amulet) Stlth
                     (no ring)
HPRegen 0.28/turn    (no ring)
MPRegen 0.09/turn

%: no passive effects
@: berserking, very quick
A: sickness immunity, AC +4, negative energy resistance 1, electricity
resistance, torment resistance 1, petrification resistance
a: Renounce Religion, Berserk, Trog's Hand


You were on level 4 of the Dungeon.
You worshipped Trog.
Trog was most pleased with you.
You visited 1 branch of the dungeon, and saw 4 of its levels.
You also visited: Sewer.

You collected 127 gold pieces.

Inventory:

Hand Weapons
 a - a +0 mace (weapon)
Armour
 b - a +0 animal skin (worn)
 i - a +0 cloak (worn)
 o - a +2 pair of boots (worn)
 p - a +0 buckler (worn)
 s - a +1 helmet (worn)
Jewellery
 c - a ring of ice
 e - a ring of fire
 h - a ring of fire
Scrolls
 d - a scroll of vulnerability {unknown}
 m - a scroll of enchant weapon {unknown}
 n - a scroll of brand weapon {unknown}
 r - 2 scrolls of magic mapping
 v - 2 scrolls of enchant armour {unknown}
Potions
 f - a potion of haste
 g - 5 potions of heal wounds
 j - 2 potions of curing {unknown}
 k - 2 potions of ambrosia {unknown}
 l - a potion of berserk rage {unknown}
 t - a potion of degeneration {unknown}
 u - a potion of resistance {unknown}
 w - a potion of cancellation {unknown}


   Skills:
 + Level 4.0 Fighting
 * Level 4.3 Maces & Flails
 * Level 4.0 Armour
 + Level 2.4 Dodging
 + Level 0.5 Shields


You had 4 spell levels left.
You didn't know any spells.
Your spell library was empty.

Dungeon Overview and Level Annotations

Branches:
Dungeon (4/15)              Sewer (visited)
 Temple: D:4-7

Altars:
Yredelemnul


Innate Abilities, Weirdness & Mutations

You are immune to sickness and miasma.
Your stone body is resilient. (AC +4)
You are immune to poison.
You resist negative energy. (rN+)
You are resistant to electric shocks. (rElec)
You are resistant to unholy torment.
You are immune to petrification.


Message History

You sock the gnoll!
The gnoll is heavily wounded.
The gnoll hits you but does no damage.
The gnoll hits you from afar with a +0 spear.
You hit the gnoll.
The gnoll is almost dead.
The gnoll hits you with a +0 whip. The gnoll hits you but does no damage.
You hit the gnoll.
You kill the gnoll!
Trog accepts your kill. The gnoll barely misses you.
The gnoll hits you but does no damage.
Your Fighting skill increases to level 4!
Your Armour skill increases to level 4!
The gnoll hits you from afar with a +0 spear.
You block the gnoll's attack. The gnoll closely misses you.
Things that are here:
a +0 whip; a gnoll corpse You hit the gnoll.
The gnoll is heavily wounded.
The gnoll hits you from afar with a +0 spear.
The gnoll hits you with a +0 spear. The gnoll barely misses you.
You closely miss the gnoll.
The gnoll is heavily wounded.
The gnoll hits you but does no damage. x2; The gnoll hits you with a +0 spear.
The gnoll closely misses you. The gnoll barely misses you.
The gnoll hits you with a +0 spear.
You hit the gnoll but do no damage.
The gnoll is heavily wounded.
The gnoll barely misses you. The gnoll closely misses you.
The gnoll hits you with a +0 spear.
You barely miss the gnoll.
The gnoll is heavily wounded.
The gnoll closely misses you. The gnoll hits you with a +0 spear.
* * * LOW HITPOINT WARNING * * *
The gnoll hits you with a +0 spear.
* * * LOW HITPOINT WARNING * * *
A red film seems to cover your vision as you go berserk!
You feel yourself moving faster!
You feel mighty!
The gnoll hits you from afar with a +0 spear.
You die...

############+##.# .....
......'.........#......
......#.........#=.....
.
#.<####.###+###....._..
.. #### ###
#...#.......# ...#
#...#.......# .>.+
#...# ..... ####
#.gg####.####.
###g@.........
####.....#.. #.....#
#.....# .. #.....# ##
#######


You could see 3 gnolls.

Vanquished Creatures
  Jessica (D:2)
  5 adders
  A gnoll (D:4)
  3 river rats (D:3)
  4 worms
  3 dart slugs
  An orc (D:3)
  12 ball pythons
  5 endoplasms
  2 giant cockroaches
  4 goblins
  6 hobgoblins
  2 quokkas
  6 bats
  5 frilled lizards
  10 kobolds
  12 rats
82 creatures vanquished.

Notes
Turn   | Place    | Note
-------+----------+-------------------------------------------
     0 | D:1      | KittyFluff the Gargoyle Berserker began the quest for the
                  | Orb.
     0 | D:1      | Reached XP level 1. HP: 14/14 MP: 1/1
    32 | D:1      | Reached XP level 2. HP: 12/19 MP: 2/2
    46 | D:1      | Found a faded altar of an unknown god.
   885 | D:2      | Reached XP level 3. HP: 23/23 MP: 3/3
   967 | D:2      | Reached ** piety under Trog
  1179 | D:2      | Reached XP level 4. HP: 23/29 MP: 4/4
  1183 | D:2      | Noticed Jessica
  1194 | D:2      | Killed Jessica
  1872 | D:3      | Found a glowing drain.
  1905 | D:3      | Reached XP level 5. HP: 16/33 MP: 5/5
  2009 | Sewer    | Entered a sewer
  2210 | Sewer    | Reached *** piety under Trog
  3045 | D:4      | Found a basalt altar of Yredelemnul.
  3068 | D:4      | HP: 1/33 [gnoll/+0 spear (6)]
  3069 | D:4      | Slain by a gnoll

Illustrated notes

Levels and vault maps discovered:
D:1:      mainiacjoe_arrival_reflecting_pool, layout_loops_ring,
          hellmonk_ecumenical_altar_pennies_from_heaven, minmay_liquid_box
D:2:      minmay_evil_eye, layout_loops_ring, uniq_jessica
D:3:      layout_basic, portal_sewer_entry_c
D:4:      layout_gridville, old_standard_altar, uniq_eustachio, uniq_robin,
          uniq_duvessa, uniq_natasha, uniq_pikel

Skill      XL: |  1  2  3  4  5 |
---------------+----------------+-----
Armour         | 3 4 |  4.0
Dodging        | 2 |  2.4
Maces & Flails | 4 |  4.3
Fighting       | 4 |  4.0
Shields        | |  0.5

Action                     |  1- 3 |  4- 6 || total
---------------------------+-------+-------++-------
  Melee: Mace              |    93 |   243 ||   336
 Invoke: Berserk           |       |     2 ||     2
    Use: Scroll            |       |     4 ||     4
   Stab: Sleeping          |     1 |     1 ||     2
 Armour: Animal skin       |    33 |    96 ||   129
  Dodge: Dodged            |    68 |   111 ||   179
  Block: Buckler           |       |    28 ||    28
